PAAA
THOMASVILLE LOOKOUTS @ ALASKAN HUMPBACKS
08/09/2019
 
TOP OF THE 1ST
Thomasville Lookouts batting - Pitching for Alaskan Humpbacks : LHP Ryan Draper
Pitching: LHP Ryan Draper
Batting: RHB Jim Unknown 0-0: Ball
1-0: Foul Ball, location: 2F
1-1: Foul Ball, location: 2F
1-2: Ball
2-2: SINGLE (Groundball, 5)
Batting: RHB Jim Unknown 0-0: Ball
1-0: Called Strike
1-1: Ball
2-1: Called Strike
2-2: Ground out U3 (Groundball, 3S)
Jim Unknown to second
Batting: RHB Keith Best 0-0: Swinging Strike
0-1: Called Strike
0-2: Foul Ball, location: 2F
0-2: Ball
1-2: Ball
2-2: Strikes out swinging
Batting: RHB Jim Unknown 0-0: Foul Ball, location: 2F
0-1: Foul Ball, location: 2F
0-2: Strikes out swinging
Top of the 1st over - 0 run(s), 1 hit(s), 0 error(s), 1 left on base; Thomasville 0 - Alaskan 0
BOTTOM OF THE 1ST
Alaskan Humpbacks batting - Pitching for Thomasville Lookouts : LHP Vincent Hall
Pitching: LHP Vincent Hall
Batting: RHB Steve Camp 0-0: Ball
1-0: Ground out 5-3 (Groundball, 5)
Batting: RHB Dave Farr 0-0: Ball
1-0: Ball
2-0: Ball
3-0: Called Strike
3-1: Fly out, F9 (Flyball, 9M)
Batting: RHB Javier Díaz 0-0: Ball
1-0: Called Strike
1-1: Ball
2-1: Called Strike
2-2: Fly out, F4 (Line Drive, 4M)
Bottom of the 1st over - 0 run(s), 0 hit(s), 0 error(s), 0 left on base; Thomasville 0 - Alaskan 0
TOP OF THE 2ND
Thomasville Lookouts batting - Pitching for Alaskan Humpbacks : LHP Ryan Draper
Batting: RHB Jim Unknown 0-0: Called Strike
0-1: Foul Ball, location: 2F
0-2: Foul Ball, location: 2F
0-2: Strikes out swinging
Batting: RHB Jim Unknown 0-0: Ball
1-0: Fly out, F8 (Flyball, 8LD)
Batting: LHB Jim Unknown 0-0: Called Strike
0-1: Foul Ball, location: 2F
0-2: Ball
1-2: Fly out, F8 (Flyball, 8LD)
Top of the 2nd over - 0 run(s), 0 hit(s), 0 error(s), 0 left on base; Thomasville 0 - Alaskan 0
BOTTOM OF THE 2ND
Alaskan Humpbacks batting - Pitching for Thomasville Lookouts : LHP Vincent Hall
Batting: RHB Dave O'Day 0-0: Swinging Strike
0-1: Ball
1-1: Foul Ball, location: 2F
1-2: Foul Ball, location: 2F
1-2: Reached on error, E5 (Groundball, 5)
Batting: RHB Jared Smith 0-0: Grounds into double play, 6-4-3 (Groundball, 6)
Batting: RHB Fernando Camacho 0-0: Called Strike
0-1: Ball
1-1: SOLO HOME RUN (Flyball, 7LD), Distance : 367 ft
Batting: LHB Raúl Valentín 0-0: Called Strike
0-1: Ball
1-1: Called Strike
1-2: Foul Ball, location: 2F
1-2: Strikes out swinging
Bottom of the 2nd over - 1 run(s), 1 hit(s), 1 error(s), 0 left on base; Thomasville 0 - Alaskan 1
TOP OF THE 3RD
Thomasville Lookouts batting - Pitching for Alaskan Humpbacks : LHP Ryan Draper
Batting: LHB Jim Unknown 0-0: Ball
1-0: Called Strike
1-1: Fly out, F7 (Flyball, 8LM)
Batting: RHB Jim Unknown 0-0: Ball
1-0: Swinging Strike
1-1: Foul Ball, location: 2F
1-2: Ball
2-2: Foul Ball, location: 2F
2-2: Ground out 5-3 (Groundball, 56S)
Batting: RHB Jim Unknown 0-0: Foul Ball, location: 2F
0-1: Foul Ball, location: 2F
0-2: Strikes out swinging
Top of the 3rd over - 0 run(s), 0 hit(s), 0 error(s), 0 left on base; Thomasville 0 - Alaskan 1
BOTTOM OF THE 3RD
Alaskan Humpbacks batting - Pitching for Thomasville Lookouts : LHP Vincent Hall
Batting: RHB Aurelio Annunziato 0-0: Foul Ball, location: 2F
0-1: SINGLE (Line Drive, 56)
Batting: RHB Tim Norris 0-0: Called Strike
0-1: Swinging Strike
0-2: Ball
1-2: Strikes out swinging
Batting: RHB Steve Camp 0-0: Ball
1-0: Ball
2-0: Fly out, F8 (Flyball, 8RXD)
Runner from 1st tags up, SAFE at 2nd
Batting: RHB Dave Farr 0-0: Ball
1-0: Foul Ball, location: 2F
1-1: Ball
2-1: Foul Ball, location: 2F
2-2: Strikes out looking
Bottom of the 3rd over - 0 run(s), 1 hit(s), 0 error(s), 1 left on base; Thomasville 0 - Alaskan 1
TOP OF THE 4TH
Thomasville Lookouts batting - Pitching for Alaskan Humpbacks : LHP Ryan Draper
Batting: RHB Jim Unknown 0-0: Ball
1-0: Swinging Strike
1-1: Foul Ball, location: 2F
1-2: Foul Ball, location: 2F
1-2: DOUBLE (Groundball, 3L)
Batting: RHB Keith Best 0-0: Ball
1-0: Foul Ball, location: 2F
1-1: Called Strike
1-2: Ground out 5-3 (Groundball, 5S)
Jim Unknown to third
Batting: RHB Jim Unknown 0-0: Foul Ball, location: 2F
0-1: Ball
1-1: Called Strike
1-2: Foul Ball, location: 2F
1-2: Ground out 5-3 (Groundball, 5L)
Batting: RHB Jim Unknown 0-0: Called Strike
0-1: Ball
1-1: Foul Ball, location: 2F
1-2: Strikes out looking
Top of the 4th over - 0 run(s), 1 hit(s), 0 error(s), 1 left on base; Thomasville 0 - Alaskan 1
BOTTOM OF THE 4TH
Alaskan Humpbacks batting - Pitching for Thomasville Lookouts : LHP Vincent Hall
Batting: RHB Javier Díaz 0-0: Foul Ball, location: 2F
0-1: Ball
1-1: SINGLE (Line Drive, 7LS)
Batting: RHB Dave O'Day 0-0: Called Strike
0-1: Fly out, F8 (Flyball, 8RM)
Batting: RHB Jared Smith 0-0: Ball
1-0: Ground out 3-1 (Groundball, 34)
Javier Díaz to second
Batting: RHB Fernando Camacho 0-0: Ball
1-0: Called Strike
1-1: Foul Ball, location: 2F
1-2: Ball
2-2: Ball
3-2: Fly out, F9 (Flyball, 9M)
Bottom of the 4th over - 0 run(s), 1 hit(s), 0 error(s), 1 left on base; Thomasville 0 - Alaskan 1
TOP OF THE 5TH
Thomasville Lookouts batting - Pitching for Alaskan Humpbacks : LHP Ryan Draper
Batting: RHB Jim Unknown 0-0: SINGLE (Line Drive, 6MD)
Batting: LHB Jim Unknown 0-0: Swinging Strike
0-1: Fly out, F4 (Popup, 4D)
Batting: LHB Jim Unknown 0-0: Fly out, F6 (Popup, 6MS)
Batting: RHB Jim Unknown 0-0: Foul Ball, location: 2F
Pickoff Throw to First - Out!
Top of the 5th over - 0 run(s), 1 hit(s), 0 error(s), 0 left on base; Thomasville 0 - Alaskan 1
BOTTOM OF THE 5TH
Alaskan Humpbacks batting - Pitching for Thomasville Lookouts : LHP Vincent Hall
Batting: LHB Raúl Valentín 0-0: Swinging Strike
0-1: Ball
1-1: Foul Ball, location: 2F
1-2: Ground out 4-3 (Groundball, 4D)
Batting: RHB Aurelio Annunziato 0-0: Foul Ball, location: 2F
0-1: Ball
1-1: Ball
2-1: Ball
3-1: Called Strike
3-2: Base on Balls
Batting: RHB Tim Norris 0-0: Called Strike
0-1: SINGLE (Groundball, 6MD) (infield hit)
Aurelio Annunziato to second
Batting: RHB Steve Camp 0-0: Called Strike
0-1: Ball
1-1: Ball
2-1: 3-RUN HOME RUN (Flyball, 8LXD), Distance : 445 ft
Batting: RHB Dave Farr 0-0: Ball
1-0: Ground out 5-3 (Groundball, 56)
Batting: RHB Javier Díaz 0-0: Foul Ball, location: 2F
0-1: Ball
1-1: Ground out 1-3 (Groundball, 15)
Bottom of the 5th over - 3 run(s), 2 hit(s), 0 error(s), 0 left on base; Thomasville 0 - Alaskan 4
TOP OF THE 6TH
Thomasville Lookouts batting - Pitching for Alaskan Humpbacks : LHP Ryan Draper
Batting: RHB Jim Unknown 0-0: Called Strike
0-1: Ball
1-1: Swinging Strike
1-2: Ball
2-2: Ground out 3-1 (Groundball, 34)
Batting: RHB Jim Unknown 0-0: Ball
1-0: Swinging Strike
1-1: Foul Ball, location: 2F
1-2: Ball
2-2: Ball
3-2: Foul Ball, location: 2F
3-2: Strikes out swinging
Batting: RHB Jim Unknown 0-0: Ball
1-0: Called Strike
1-1: SINGLE (Line Drive, 78M)
Batting: RHB Keith Best 0-0: Ball
1-0: Ball
2-0: Foul Ball, location: 2F
2-1: Fly out, F7 (Flyball, 78M)
Top of the 6th over - 0 run(s), 1 hit(s), 0 error(s), 1 left on base; Thomasville 0 - Alaskan 4
BOTTOM OF THE 6TH
Alaskan Humpbacks batting - Pitching for Thomasville Lookouts : LHP Vincent Hall
Batting: RHB Dave O'Day 0-0: Ball
1-0: Ground out 5-3 (Groundball, 5L)
Batting: RHB Jared Smith 0-0: Ball
1-0: Ball
2-0: Called Strike
2-1: SINGLE (Line Drive, 6)
Batting: RHB Fernando Camacho 0-0: Ball
1-0: Ball
2-0: Ball
3-0: Base on Balls
Jared Smith to second
Batting: LHB Raúl Valentín 0-0: Called Strike
0-1: Called Strike
0-2: Strikes out looking
Batting: RHB Aurelio Annunziato 0-0: Ball
1-0: Foul Ball, location: 2F
1-1: Ball
2-1: Fielders Choice at 2nd, 6-4 (Groundball, 6)
Bottom of the 6th over - 0 run(s), 1 hit(s), 0 error(s), 1 left on base; Thomasville 0 - Alaskan 4
TOP OF THE 7TH
Thomasville Lookouts batting - Pitching for Alaskan Humpbacks : LHP Ryan Draper
Batting: RHB Jim Unknown 0-0: Called Strike
0-1: Called Strike
0-2: Strikes out swinging
Batting: RHB Jim Unknown 0-0: Called Strike
0-1: Foul Ball, location: 2F
0-2: Ball
1-2: Strikes out looking
Batting: RHB Jim Unknown 0-0: Foul Ball, location: 2F
0-1: Ball
1-1: Foul Ball, location: 2F
1-2: Ball
2-2: Foul Ball, location: 2F
2-2: Ball
3-2: Foul Ball, location: 2F
3-2: Foul Ball, location: 2F
3-2: Ground out 1-3 (Groundball, 13)
Top of the 7th over - 0 run(s), 0 hit(s), 0 error(s), 0 left on base; Thomasville 0 - Alaskan 4
BOTTOM OF THE 7TH
Alaskan Humpbacks batting - Pitching for Thomasville Lookouts : LHP Vincent Hall
Batting: RHB Tim Norris 0-0: Ball
1-0: Ball
2-0: Ball
3-0: Called Strike
3-1: Reached on error, E5 (Groundball, 5S)
Batting: RHB Steve Camp 0-0: Ball
1-0: Foul Ball, location: 2F
1-1: Ball
2-1: Foul Ball, location: 2F
2-2: Ball
3-2: Ground out 6-3 (Groundball, 6D)
Tim Norris to third
Batting: RHB Dave Farr 0-0: Called Strike
0-1: Ball
1-1: Foul Ball, location: 2F
1-2: Foul Ball, location: 2F
1-2: Ball
2-2: Strikes out swinging
Batting: RHB Javier Díaz 0-0: Ball
1-0: Swinging Strike
1-1: Ball
2-1: Ground out 6-3 (Groundball, 6M)
Bottom of the 7th over - 0 run(s), 0 hit(s), 1 error(s), 1 left on base; Thomasville 0 - Alaskan 4
TOP OF THE 8TH
Thomasville Lookouts batting - Pitching for Alaskan Humpbacks : LHP Ryan Draper
Batting: LHB Jim Unknown 0-0: Foul Ball, location: 2F
0-1: Swinging Strike
0-2: Strikes out looking
Batting: LHB Jim Unknown 0-0: Foul Ball, location: 2F
0-1: Ball
1-1: Swinging Strike
1-2: Ball
2-2: Strikes out looking
Batting: RHB Jim Unknown 0-0: Ball
1-0: SINGLE (Line Drive, 78S)
Batting: RHB Jim Unknown 0-0: Fielders Choice at 2nd, U6 (Groundball, 6M)
Top of the 8th over - 0 run(s), 1 hit(s), 0 error(s), 1 left on base; Thomasville 0 - Alaskan 4
BOTTOM OF THE 8TH
Alaskan Humpbacks batting - Pitching for Thomasville Lookouts : LHP Vincent Hall
Batting: RHB Dave O'Day 0-0: Ball
1-0: Ground out U3 (Groundball, 3)
Batting: RHB Jared Smith 0-0: Swinging Strike
0-1: Ball
1-1: Foul Ball, location: 2F
1-2: Strikes out swinging
Batting: RHB Fernando Camacho 0-0: Ball
1-0: Ball
2-0: Fly out, F9 (Flyball, 9LDF)
Bottom of the 8th over - 0 run(s), 0 hit(s), 0 error(s), 0 left on base; Thomasville 0 - Alaskan 4
TOP OF THE 9TH
Thomasville Lookouts batting - Pitching for Alaskan Humpbacks : LHP Ryan Draper
Batting: RHB Jim Unknown 0-0: Foul Ball, location: 2F
0-1: Ball
1-1: Fly out, F3 (Popup, 3)
Batting: RHB Keith Best 0-0: Fly out, F8 (Flyball, 8LM)
Batting: RHB Jim Unknown 0-0: Called Strike
0-1: Ball
1-1: Ground out 1-3 (Groundball, 25)
Top of the 9th over - 0 run(s), 0 hit(s), 0 error(s), 0 left on base; Thomasville 0 - Alaskan 4
This league is powered by Out of the Park Baseball, the baseball management simulation game for PC, Mac and Linux
Saturday, July 25th, 2015 - OOTP Baseball 15.6 Build 34